AoeStats
← [NICE_ASS] BigMasi

Nomad

506162388Analyzed
3v3 RM · 19d ago on Sep 12, 2026· 33m 16s· 6 players
Game mode
Random Map
Map size
210×210
Population
200
Speed
Normal
Resources
Standard
Victory
Conquest
Starting age
Dark Age
Ending age
Imperial Age
RankedLock teamsTeams togetherTeam positionsShared explorationLock speedFull tech treeHidden civsTurbo modeCheats
Victory
Defeat
🇨🇭 Dravidians · Switzerland
1286
+8
🇨🇭 Persians · Switzerland
1148
+13
🇨🇭 Muisca · Switzerland
1112
+14
🇫🇷 Japanese · France
1110
-13
🇺🇸 Malay · United States
1073
-11
🇺🇸 Malians · United States
1064
-11
fernandeskillian2
14:58 Feudal Age
16:23 Double-Bit Axe
20:14 Castle Age
20:50 Stone Mining
20:51 Gold Mining
21:37 Medium Warships
24:39 Wheelbarrow
BittenDork
10:25 Loom
16:04 Feudal Age
15:54 Fishing Lines
21:08 Castle Age
19:40 Scale Barding Armor
21:05 Husbandry
24:57 Forging
kingike14
7:41 Loom
14:12 Feudal Age
16:06 Fletching
21:02 Castle Age
19:26 Horse Collar
26:24 Wheelbarrow
30:18 Hand Cart
juffie
13:33 Feudal Age
11:51 Loom
14:18 Double-Bit Axe
14:40 Gold Mining
17:32 Castle Age
15:35 Fishing Lines
16:25 Scale Barding Armor
17:57 Bloodlines
19:50 Husbandry
26:12 Horse Collar
27:36 Wheelbarrow
26:47 Town Watch
29:15 Fletching
30:04 Bodkin Arrow
[NICE_ASS] BigMasi
5:14 Loom
14:06 Feudal Age
15:00 Double-Bit Axe
15:47 Town Watch
15:48 Fishing Lines
19:31 Castle Age
19:54 Scale Mail Armor
20:04 Forging
26:01 Gold Mining
26:23 Bow Saw
28:10 Wheelbarrow
32:50 Squires
32:36 Arson
32:37 Gambesons
[UKB] Vincent Giovanni
15:45 Feudal Age
15:32 Loom
16:27 Double-Bit Axe
17:37 Horse Collar
20:26 Castle Age
19:26 Scale Mail Armor
19:41 Gold Mining
20:27 Champi Runner
21:49 Forging
22:11 Bow Saw
22:51 Squires
26:45 Fishing Lines
30:53 Chain Mail Armor
33:22 Wheelbarrow
33:19 Heavy Plow
Connection lost

Rejoining the realm…

Still unreachable

The connection could not be restored.

Session expired

The server has moved on; the page needs a fresh start.